 Dungeon Crawl Stone Soup version 0.29-a0-96-g93358da72b (webtiles) character file.

Game seed: 11689071432022977907

6 cyrus the Grave Robber (level 1, 0/13 HPs)
             Began as a Vampire Necromancer on Feb 11, 2022.
             Succumbed to a kobold's poison
             ... on level 1 of the Dungeon.
             The game lasted 00:02:23 (310 turns).

cyrus the Grave Robber (Vampire Necromancer)         Turns: 310, Time: 00:02:24

Health: 0/13       AC:  3    Str:  7    XL:     1   Next: 75%
Magic:  3/3        EV: 12    Int: 17    God:
Gold:   22         SH:  0    Dex: 14    Spells: 2/4 levels left

rFire   . . .      SeeInvis +   (no weapon)
rCold   . . .      Faith    .   (no shield)
rNeg    . . .      Spirit   .   a - +0 robe
rPois   .          Reflect  .   (no helmet)
rElec   .          Harm     .   (no cloak)
rCorr   .          Rampage  .   (no gloves)
Will    .....                   b - +0 pair of boots
Stlth   ++........              (no amulet)
HPRegen 0.24/turn               (no ring)
MPRegen 0.08/turn               (no ring)

@: lethally poisoned (0 -> -4), healing quickly
A: alive, fangs 3, see invisible, vampiric 1
a: Exsanguinate


You were on level 1 of the Dungeon.
You visited 1 branch of the dungeon, and saw 1 of its levels.

You collected 22 gold pieces.

Inventory:

Hand Weapons
 d - a +0 giant club
 e - a +0 dagger
Armour
 a - a +0 robe (worn)
 b - a +0 pair of boots (worn)
Scrolls
 c - a scroll of torment {unknown}


   Skills:
 + Level 2.2 Dodging
 + Level 3.1 Stealth
 + Level 2.2 Spellcasting
 + Level 4.5 Necromancy


You had 2 spell levels left.
You knew the following spells:

 Your Spells              Type           Power      Damage    Failure   Level
a - Pain                  Necr           68%        1d7       3%          1
b - Animate Skeleton      Necr           34%        N/A       3%          1

Your spell library contained the following spells:

 Spells                   Type           Power      Damage    Failure   Level
 Vampiric Draining        Necr           17%        2d7       9%          3
 Animate Dead             Necr           8%         N/A       30%         4
 Agony                    Necr           17%        N/A       63%         5


Dungeon Overview and Level Annotations

Branches:
Dungeon (1/15)

Altars:


Innate Abilities, Weirdness & Mutations

Your natural rate of healing is accelerated.
You have razor-sharp teeth.
You have supernaturally acute eyesight. (SInv)
You are afflicted with vampirism.


Message History

Your ball python skeleton bites the rat.
The rat dies!
Your ball python skeleton crumbles into dust!
You see here a rat corpse.
Casting: Animate Skeleton (safe; 3% risk of failure)
Confirm with . or Enter, or press ? or * to list all spells.
You attempt to give life to the dead...
Before your eyes, flesh is ripped from the corpse!
The dead are walking!
You swap places.
A kobold comes into view. It is wielding a +1 dagger of venom.
The kobold shouts!
The kobold closely misses you.
You hit the kobold.
The kobold is moderately wounded.
The kobold hits you with a +1 dagger of venom.
You are poisoned.
You feel sick. The kobold closely misses you.
You feel sick.
You feel sick.
Your rat skeleton bites the kobold but does no damage.
You feel sick.
You feel sick.
You are no longer poisoned.
The kobold closely misses you.
Your rat skeleton bites the kobold.
The kobold hits you but does no damage.
You are poisoned.
You feel sick.
Your rat skeleton completely misses the kobold.
You feel sick.
You feel sick.
You feel sick.
The kobold hits you with a +1 dagger of venom.
* * * LOW HITPOINT WARNING * * *
You are lethally poisoned!
* * * LOW HITPOINT WARNING * * *
You feel sick.
* * * LOW HITPOINT WARNING * * *
You feel sick.
You die...

..... #.# #.# #.#.#
##.###.## #
##.#(#####..>.....
###.
#...........###.##
#...##..#...####.# #.#
#.#...Z...#.# #..# #.#
#.....K.....# #.## #.#
#..###.###..# #.# #.#
#..#..@..#.## #.# #.#
#..#.....#.####.# #.#
..........[.##.####.#
#..#.>...#...##......#
##.#.....#.#....######
#.###.###.#.##.#
#.........#.##.#
######......##.#
#..###.##.#


You could see a kobold (ally target) and a friendly rat skeleton.

Vanquished Creatures
  A dart slug (D:1)
  A goblin (D:1)
  A ball python (D:1)
  A rat (D:1)
4 creatures vanquished.

Vanquished Creatures (collateral kills)
  A rat (D:1)
1 creature vanquished.

Grand Total: 5 creatures vanquished

Notes
Turn   | Place    | Note
-------+----------+-------------------------------------------
     0 | D:1      | cyrus the Vampire Necromancer began the quest for the Orb.
     0 | D:1      | Reached XP level 1. HP: 13/13 MP: 3/3
    58 | D:1      | Learned a level 1 spell: Animate Skeleton
   310 | D:1      | Succumbed to a kobold's poison

Illustrated notes

Levels and vault maps discovered:
D:1:      dpeg_arrival_ternary, layout_loops_ring,
          shapermc_ecumenical_altar_hornbeckon, st_stairs_3

Action                   || total
-------------------------++-------
Melee: Unarmed           ||    14
       Punch             ||     2
       Bite              ||     1
 Cast: Pain              ||     5
       Animate Skeleton  ||     2
 Stab: Sleeping          ||     1
Armor: Robe              ||     9
Dodge: Dodged            ||    14

Table legend: (Time is in decaauts)
 A = Elapsed time spent in this place.
 B = Non-inter-level travel time spent in this place.
 C = Inter-level travel time spent in this place.
 D = Time resting spent in this place.
 E = Time spent auto-exploring this place.
 F = Levels seen in this place.
 G = Mean time per level.
                   A        B        C        D        E       F      G
               +--------+--------+--------+--------+--------+-----+--------+
         Total |    310 |    310 |      0 |      0 |    129 |   1 |  310.0 |
       Dungeon |    310 |    310 |      0 |      0 |    129 |   1 |  310.0 |
               +--------+--------+--------+--------+--------+-----+--------+

Top non-repeatable levels by time:
     D:1: 310 daAuts
